 Dungeon Crawl Stone Soup version 0.31-a0-344-gd109795 (webtiles) character file.

Game seed: 7500319683462414348

35 cxr the Chopper (level 3, -1/49 HPs)
             Began as a Hill Orc Berserker on July 21, 2023.
             Was a Believer of Trog.
             Slain by a gnoll
             ... wielding a +0 spear
              (3 damage)
             ... on level 2 of the Dungeon.
             The game lasted 00:11:16 (870 turns).

cxr the Chopper (Hill Orc Berserker)                 Turns: 870, Time: 00:11:16

Health: -1/49      AC:  2    Str: 21    XL:     3   Next: 33%
Magic:  3/3        EV: 12    Int:  7    God:    Trog [**....]
Gold:   31         SH:  0    Dex: 10    Spells: 2/2 levels left

rFire   . . .        a - +0 hand axe
rCold   . . .        (no shield)
rNeg    . . .        b - +0 animal skin
rPois   .            (no helmet)
rElec   .            (no cloak)
rCorr   .            (no gloves)
SInv    .            (no boots)
Will    .....        (no amulet) Stlth
                     (no ring)
HPRegen 0.28/turn    (no ring)
MPRegen 0.08/turn

%: no passive effects
@: berserking, very quick
A: no striking features
a: Renounce Religion, Berserk, Trog's Hand


You were on level 2 of the Dungeon.
You worshipped Trog.
Trog was pleased with you.
You visited 1 branch of the dungeon, and saw 3 of its levels.

You collected 31 gold pieces.

Inventory:

Hand Weapons
 a - a +0 hand axe (weapon)
Armour
 b - a +0 animal skin (worn)
Potions
 e - a potion of brilliance
 f - a potion of enlightenment {unknown}


   Skills:
 * Level 4.1 Fighting
 + Level 4.5 Axes
 + Level 2.7 Armour
 - Level 2.0 Dodging


You had 2 spell levels left.
You didn't know any spells.
Your spell library was empty.

Dungeon Overview and Level Annotations

Branches:
Dungeon (3/15)

Altars:

Shops:
D:1 =


Message History

You climb downwards.
There is a stone staircase leading up here.
A bat is nearby!
You climb upwards.
There is a stone staircase leading down here.
You now have 31 gold pieces (gained 1).
You open the door.
An endoplasm and 4 gnolls come into view.
The endoplasm quivers.
The gnoll shouts! x4
You hit the gnoll.
The gnoll is moderately wounded.
The gnoll hits you with a +0 whip.
You hit the gnoll.
The gnoll is severely wounded.
The gnoll hits you with a +0 whip. The gnoll completely misses you.
The gnoll closely misses you.
You barely miss the gnoll.
The gnoll is severely wounded.
The gnoll barely misses you.
The gnoll hits you from afar with a +0 spear.
The gnoll hits you but does no damage.
You hit the gnoll.
The gnoll is severely wounded.
The gnoll hits you with a +0 whip.
The gnoll hits you from afar with a +0 spear. x2
A red film seems to cover your vision as you go berserk!
You feel yourself moving faster!
You feel mighty! The gnoll hits you with a +0 whip.
* * * LOW HITPOINT WARNING * * *
The gnoll hits you from afar with a +0 spear.
* * * LOW HITPOINT WARNING * * *
The gnoll closely misses you.
You barely miss the gnoll.
The gnoll is severely wounded.
The gnoll barely misses you.
The gnoll hits you from afar with a +0 spear.
* * * LOW HITPOINT WARNING * * *
The gnoll hits you from afar with a +0 spear.
You die...

#.##.# #.##.# # #.##.# #
#.##.#### #.#.....#
#.#####.# .#### #.# #.#
.....g##########.#####.#
....Jgg@................
.....g##########.##..#.#
..... #.#..##.# ....
#.#<....# ... #...#####
.# ##........ #.†.######
#.### ...


You could see 4 gnolls and an endoplasm.

Vanquished Creatures
  An adder (D:2)
  2 dart slugs (D:1)
  3 bats (D:1)
  2 endoplasms (D:1)
  A goblin (D:1)
  2 hobgoblins (D:1)
  A kobold (D:1)
  4 ball pythons (D:1)
  3 frilled lizards (D:1)
  5 rats
24 creatures vanquished.

Notes
Turn   | Place    | Note
-------+----------+-------------------------------------------
     0 | D:1      | cxr the Hill Orc Berserker began the quest for the Orb.
     0 | D:1      | Reached XP level 1. HP: 19/19 MP: 1/1
    59 | D:1      | Found a faded altar of an unknown god.
   109 | D:1      | Reached XP level 2. HP: 27/27 MP: 2/2
   642 | D:1      | Found Tietwi's Jewellery Emporium.
   645 | D:1      | Reached ** piety under Trog
   647 | D:1      | Reached XP level 3. HP: 33/33 MP: 3/3
   870 | D:2      | HP: 2/49 [gnoll/+0 spear (6)]
   870 | D:2      | Slain by a gnoll

Illustrated notes

Levels and vault maps discovered:
D:1:      minmay_arrival_loop, layout_loops_ring, shapermc_ecumenical_altar_gd,
          serial_shops, nicolae_shop_rolling_square
D:2:      layout_basic, palyth_stone_intersect
D:3:      layout_loops_cross, lemuel_round_altar,
          nicolae_sif_muna_little_library, minmay_lizard_king

Skill      XL: |  1  2  3 |
---------------+----------+-----
Fighting       | 4 |  4.1
Dodging        | 2 |  2.0
Axes           | |  4.5
Armour         | |  2.7

Action                     || total
---------------------------++-------
  Melee: Hand axe          ||    60
         Punch             ||     1
 Invoke: Berserk           ||     1
    Use: Scroll            ||     2
 Armour: Animal skin       ||     7
  Dodge: Dodged            ||    37

Table legend: (Time is in decaauts)
 A = Elapsed time spent in this place.
 B = Non-inter-level travel time spent in this place.
 C = Inter-level travel time spent in this place.
 D = Time resting spent in this place.
 E = Time spent auto-exploring this place.
 F = Levels seen in this place.
 G = Mean time per level.
                   A        B        C        D        E       F      G
               +--------+--------+--------+--------+--------+-----+--------+
         Total |    876 |    851 |     25 |      0 |    603 |   3 |  292.0 |
       Dungeon |    876 |    851 |     25 |      0 |    603 |   3 |  292.0 |
               +--------+--------+--------+--------+--------+-----+--------+

Top non-repeatable levels by time:
     D:1: 776 daAuts
     D:2: 98 daAuts
     D:3: 1 daAuts
